 Dungeon Crawl Stone Soup version 0.31-a0-319-g4fced400ed (webtiles) character file.

Game seed: 5817010565998739969

1477076 PaperRat the Eternal Night (level 26, 199/199 (207) HPs)
             Began as a Vampire Brigand on July 18, 2023.
             Was the Champion of Dithmenos.
             Escaped with the Orb
             ... and 3 runes on July 20, 2023!
             The game lasted 06:29:14 (89336 turns).

PaperRat the Eternal Night (Vampire Brigand)       Turns: 89336, Time: 06:29:14

HP:   199/199 (207) AC: 24    Str: 10    XL:     26   Next: 11%
MP:   34/42         EV: 18    Int: 31    God:    Dithmenos [******]
Gold: 3554          SH: 15    Dex: 16    Spells: 4/55 levels left

rFire   + . .        a - +7 dagger (speed)
rCold   + . .        h - +3 kite shield {rC+ rF+}
rNeg    + + +        g - +4 acid dragon scales "Totexi" {rN+ rCorr}
rPois   ∞            y - +3 crown of Dyrovepreva {rElec Int+2 SInv}
rElec   +            q - +1 cloak {Will+}
rCorr   +            Q - +3 pair of gauntlets of War {Slay+5}
SInv    +            e - +2 pair of boots
Will    ∞            G - amulet "Syngia" {RegenMP rPois SInv}
Stlth   ++++++++     M - ring of wizardry
HPRegen 0.73/turn    v - ring "Ymohanaa" {rCorr Int+6, =R}
MPRegen 0.68/turn

%: wizardry (x1)
@: shadow-form, healing quickly, wreathed by umbra, studying Dodging, lightly
drained, invisible
A: shadow resist, half damage, bleed smoke, invisible, alive, fangs 3, see
invisible, vampiric 2, claws 1, clumsy 1
0: Orb of Zot
}: 3/15 runes: serpentine, barnacled, slimy
a: Exsanguinate, End Transformation, Renounce Religion, Shadow Step, Shadow Form


You escaped.
You worshipped Dithmenos.
Dithmenos was exalted by your worship.
You were a swirling mass of dark shadows.
You visited 11 branches of the dungeon, and saw 52 of its levels.
You visited 1 bazaar.
You also visited: Sewer and Bailey.

You collected 7549 gold pieces.
You spent 3995 gold pieces at shops.

Inventory:

Hand Weapons
 a - a +7 dagger of speed (weapon)
 w - the +1 rapier "Turgh" {freeze, Will+ Int+3 Stlth+}
   (You found it on level 13 of the Dungeon)

   Int:       It affects your intelligence (+3).
   Will:      It increases your willpower.
   Stlth:     It makes you more stealthy.
Missiles
 F - 4 curare-tipped darts (quivered)
 S - 9 throwing nets {!f}
Armour
 e - a +2 pair of boots (worn)
 g - the +4 acid dragon scales "Totexi" (worn) {rN+ rCorr}
   (You found it on level 3 of the Elven Halls)

   rN:        It protects you from negative energy.
   rCorr:     It protects you from acid and corrosion.
 h - a +3 kite shield of resistance (worn)
 q - a +1 cloak of willpower (worn)
 y - the +3 crown of Dyrovepreva (worn) {rElec Int+2 SInv}
   (You bought it in a shop on level 2 of the Orcish Mines)

   Int:       It affects your intelligence (+2).
   rElec:     It insulates you from electricity.
   SInv:      It lets you see invisible.
 D - the +2 helmet of Midwinter {rElec rPois Dex+3}
   (You found it on level 1 of the Realm of Zot)

   Dex:       It affects your dexterity (+3).
   rElec:     It insulates you from electricity.
   rPois:     It protects you from poison.
 Q - the +3 pair of gauntlets of War (worn) {Slay+5}
   (You bought it in a shop on level 14 of the Dungeon)

   Slay:      It affects your accuracy & damage with ranged weapons and melee
   (+5).
Magical Staves
 s - a staff of air
Jewellery
 v - the ring "Ymohanaa" (right hand) {rCorr Int+6, =R}
   (You found it on level 3 of the Elven Halls)

   [ring of resist corrosion]

   Int:       It affects your intelligence (+6).
   rCorr:     It protects you from acid and corrosion.
 G - the amulet "Syngia" (around neck) {RegenMP rPois SInv}
   (You found it on level 1 of the Depths)

   [amulet of magic regeneration]

   It increases your rate of magic regeneration.
   rPois:     It protects you from poison.
   SInv:      It lets you see invisible.
 M - a ring of wizardry (left hand)
 O - the ring "Fyemau" {Fly rCorr Dex+3}
   (You found it on level 2 of the Shoals)

   [ring of flight]

   Dex:       It affects your dexterity (+3).
   Fly:       It grants you flight.
   rCorr:     It protects you from acid and corrosion.
 U - the ring "Hec Vif" {rF+ Dex+4}
   (You took it off a deep elf pyromancer on level 3 of the Elven Halls)

   [ring of protection from fire]

   Dex:       It affects your dexterity (+4).
   rF:        It protects you from fire.
Wands
 b - a wand of iceblast (28)
 d - a wand of digging (2)
 n - a wand of charming (49)
 z - a wand of mindburst (37)
Scrolls
 k - a scroll of revelation
 m - 2 scrolls of vulnerability
 o - 7 scrolls of poison
 u - 9 scrolls of immolation
 A - 10 scrolls of fear {@r4}
 H - 16 scrolls of teleportation {@r3}
 I - 12 scrolls of fog {@r2}
 N - a scroll of amnesia
 X - 4 scrolls of blinking {@r5}
Potions
 j - 2 potions of heal wounds {@q2}
 l - 9 potions of enlightenment {@q6}
 p - 10 potions of mutation {@q7}
 r - 4 potions of cancellation
 t - 5 potions of brilliance {@q5}
 x - 5 potions of haste {@q4}
 K - 9 potions of curing {@q1}
 L - a potion of ambrosia
 R - 2 potions of might {@q3}
 T - a potion of resistance
 V - 2 potions of invisibility
 W - 7 potions of magic
 Y - 2 potions of lignification
Miscellaneous
 B - a phantom mirror
 C - a tin of tremorstones (2/2)
 Z - a phial of floods


   Skills:
 + Level 16.8 Fighting
 - Level 8.0 Short Blades
 - Level 2.0 Throwing
 - Level 5.0 Armour
 + Level 16.7 Dodging
 + Level 16.7 Stealth
 - Level 12.0 Shields
 + Level 15.0 Spellcasting
 - Level 4.0 Conjurations
 - Level 20.0 Hexes
 - Level 8.0 Summonings
 - Level 6.0 Necromancy
 - Level 10.0 Transmutations
 - Level 20.0 Air Magic
 - Level 8.0 Earth Magic
 - Level 20.1 Invocations
 - Level 8.0 Evocations


You had 4 spell levels left.
You knew the following spells:

 Your Spells              Type           Power      Damage    Failure   Level
a - Borgnjor's Vile Clut  Necr/Erth      8%         N/A       4%          5
b - Maxwell's Capacitive  Air            18%        ∞         6%          8
c - Dispel Undead         Necr           15%        3d10      2%          4
d - Enfeeble              Hex            18%        N/A       1%          7
e - Passage of Golubria   Tloc           5%         N/A       30%         4
g - Passwall              Tmut/Erth      15%        N/A       1%          2
i - Irradiate             Conj/Tmut      8%         3d14      4%          5
s - Discord               Hex            18%        N/A       6%          8
v - Summon Mana Viper     Hex/Summ       27%        N/A       1%          5
x - Confusing Touch       Hex            36%        N/A       0%          3

Your spell library contained the following spells:

 Spells                   Type           Power      Damage    Failure   Level
 Slow                     Hex            100%       N/A       0%          1
 Swiftness                Air            36%        N/A       0%          3
 Tukima's Dance           Hex            36%        N/A       0%          3
 Cause Fear               Hex            18%        N/A       0%          4
 Kiss of Death            Conj/Necr      52%        2d9       1%          1
 Magic Dart               Conj           48%        1d5       1%          1
 Necrotise                Necr           60%        1d7       1%          1
 Sting                    Tmut/Pois      52%        1d5       1%          1
 Summon Small Mammal      Summ           72%        N/A       1%          1
 Call Imp                 Summ           36%        N/A       1%          2
 Cigotuvi's Dreadful Rot  Necr/Pois/Air  38%        N/A       1%          2
 Poisonous Vapours        Pois/Air       42%        N/A       1%          2
 Sublimation of Blood     Necr           15%        N/A       1%          2
 Wereblood                Tmut           21%        N/A       1%          2
 Call Canine Familiar     Summ           18%        N/A       1%          3
 Dazzling Flash           Conj/Hex       48%        N/A       1%          3
 Inner Flame              Hex/Fire       21%        N/A       1%          3
 Mephitic Cloud           Conj/Pois/Air  18%        N/A       1%          3
 Portal Projectile        Hex/Tloc       42%        N/A       1%          3
 Stone Arrow              Conj/Erth      30%        3d8       1%          3
 Summon Guardian Golem    Hex/Summ       27%        N/A       1%          3
 Vampiric Draining        Necr           15%        2d7       1%          3
 Vhi's Electric Charge    Tloc/Air       42%        N/A       1%          3
 Anguish                  Hex/Necr       12%        N/A       1%          4
 Animate Armour           Summ/Erth      36%        N/A       1%          4
 Fulminant Prism          Conj/Hex       12%        3d8       1%          4
 Leda's Liquefaction      Hex/Erth       13%        N/A       1%          4
 Petrify                  Tmut/Erth      19%        N/A       1%          4
 Summon Lightning Spire   Summ/Air       27%        N/A       1%          4
 Momentum Strike          Conj/Tloc      16%        3d8       2%          2
 Ignite Poison            Fire/Tmut/Pois 10%        N/A       2%          3
 Animate Dead             Necr           15%        N/A       2%          4
 Apportation              Tloc           10%        N/A       3%          1
 Hailstorm                Conj/Ice       8%         3d4       4%          3
 Summon Ice Beast         Ice/Summ       12%        N/A       6%          4
 Frozen Ramparts          Ice            10%        1d2       10%         3
 Gell's Gravitas          Tloc           5%         N/A       10%         3
 Ozocubu's Armour         Ice            5%         N/A       10%         3
 Teleport Other           Tloc           5%         N/A       10%         3
 Volatile Blastmotes      Fire/Tloc      10%        2d10      10%         3
 Flame Wave               Conj/Fire      8%         2d5       14%         4
 Iskenderun's Mystic Bla  Conj/Tloc      8%         2d4       14%         4
 Sticky Flame             Conj/Fire      8%         2d3       14%         4
 Manifold Assault         Tloc           5%         N/A       30%         4
 Olgreb's Toxic Radiance  Pois           5%         N/A       30%         4
 Arcjolt                  Conj/Air       12%        1d22      1%          5
 Metabolic Englaciation   Hex/Ice        10%        N/A       1%          5
 Silence                  Hex/Air        18%        N/A       1%          5
 Freezing Cloud           Conj/Ice/Air   9%         6-21      3%          5
 Lee's Rapid Deconstruct  Erth           9%         3d7*      3%          5
 Agony                    Necr           15%        N/A       8%          5
 Plasma Beam              Fire/Air       10%        2x1d21    9%          6
 Alistair's Intoxication  Tmut/Pois      8%         N/A       12%         5
 Summon Forest            Summ/Tloc      6%         N/A       16%         5
 Eringya's Noxious Bog    Tmut/Pois      6%         4d6       50%         6
 Monstrous Menagerie      Summ           9%         N/A       65%         7
 Summon Hydra             Summ           9%         N/A       65%         7
 Simulacrum               Ice/Necr       5%         N/A       77%         6
 Haunt                    Necr/Summ      8%         N/A       80%         7
 Spellforged Servitor     Conj/Summ      7%         N/A       89%         7
 Dispersal                Tloc           2%         N/A       99%         6
 Malign Gateway           Summ/Tloc      6%         N/A       99%         7
 Summon Horrible Things   Summ           9%         N/A       99%         8
 Ignition                 Fire           2%         3d3       100%        8
 Infestation              Necr           7%         N/A       100%        8
 Lehudib's Crystal Spear  Conj/Erth      7%         10d3      100%        8
 Chain Lightning          Conj/Air       12%        3d16      100%        9
 Fire Storm               Conj/Fire      4%         8d1       100%        9
 Shatter                  Erth           9%         3d11*     100%        9
 Borgnjor's Revivificati  Necr           Unusable   N/A       N/A         8
 Death's Door             Necr           Unusable   N/A       N/A         9

Dungeon Overview and Level Annotations

Branches:
Dungeon (15/15)            Temple (1/1) D:7            Lair (5/5) D:11
 Shoals (4/4) Lair:3        Snake (4/4) Lair:3        Slime (5/5) Lair:5
    Orc (2/2) D:12            Elf (3/3) Orc:2        Vaults (4/5) D:14
  Crypt (0/3) Vaults:3     Depths (4/4) D:15            Zot (5/5) Depths:4
  Sewer (visited)          Bailey (visited)

Altars:
Ashenzari
Cheibriados
Dithmenos
Fedhas
Gozag
Hepliaklqana
Kikubaaqudgha
Makhleb
Nemelex Xobeh
Okawaru
Qazlal
Ru
Sif Muna
Trog
Uskayaw
Vehumet
Wu Jian
Xom
Yredelemnul
Jiyva

Shops:
D:7 (   D:13 [   D:14 [   Orc:2 [(*?   Elf:3 (   Snake:3 :   Depths:4 :=:

Portals:
Hell: Depths:1 Depths:2 Depths:3 Depths:4
Abyss: Depths:3
Pandemonium: Depths:2
Ziggurat: Depths:2
Trove: D:11 (give +6 demon whip)

Annotations:
Elf:2 3 runed translucent doors


Innate Abilities, Weirdness & Mutations

You are a swirling mass of dark shadows.
You are immune to unholy torment and to willpower attacks.
Damage taken is halved, but you are drained when taking damage.
Your attacks are insubstantial and do half damage.
You bleed smoke when taking damage.
You are invisible.
You are immune to poison.
Your spellcasting is less reliable in this form.
Your natural rate of healing is accelerated.
You have razor-sharp teeth.
You have supernaturally acute eyesight. (SInv)
You are afflicted with vampirism and can become a bat while bloodless.
You have sharp fingernails.
You are clumsy. (Dex -2)


Message History

Magic restored.
A profane servitor comes into view. It is wielding a +2 whip of venom.
Casting: Borgnjor's Vile Clutch (mildly dangerous; 4% risk of failure)
Confirm with . or Enter, or press ? or * to list all spells.
You begin accumulating electric charge. (Press . to continue charging.)
You feel charge building up...
You feel charge building up...
You feel charge building up...
The electricity discharges through the profane servitor!!!!!
The profane servitor vaporises in an electric haze!
You destroy the profane servitor!
Dithmenos accepts your kill.
(D) Dungeon (T) Temple (L) Lair (A) Shoals (P) Snake Pit (M) Slime Pits (O) Orcish Mines (E) Elven Halls (V) Vaults (C) Crypt (U) Depths (H) Hell (Z) Zot
Where to? (Enter - D:1 @ (x,y), ? - help)
There is a stone staircase leading up here.
You climb upwards.
There is a stone staircase leading down here.
There is a stone staircase leading up here.
You climb upwards.
There is a stone staircase leading down here.
You open the door.
There is an open door here.
There is a stone staircase leading up here.
You climb upwards.
There is a stone staircase leading down here.
You see here a +1 helmet.
There is a stone staircase leading up here.
You climb upwards.
There is a stone staircase leading down here.
There is a stone staircase leading up here.
You climb upwards.
There is a stone staircase leading down here.
There is a staircase leading out of the dungeon here.
You turn into a swirling mass of dark shadows.
You feel drained.
You fade into the shadows.
You have escaped!

#.......####...#..............#
#....#### ♣#####..............
#....# #######.......# #....#
#..####.) ####.# #..# #.# ###
♣♣♣ #..# #.# ♣♣♣ ♣♣.♣♣♣♣♣ #..#
#.# #♣.♣♣♣......♣ ♣♣♣#..# #.#
####..♣♣....W..♣♣♣.♣#.## #..
#.......♣♣♣.....♣.♣♣#.# ###
#.##♣.♣.♣♣.♣.♣.♣......#######
#####.#
♣♣♣♣♣♣♣♣♣♣♣♣♣♣♣..........
......# ♣..#.####### #######
♣♣♣#....# # ####.# # ####.# #
####### #.##.####


There were no monsters in sight!

Vanquished Creatures
  the Royal Jelly (Slime:5)
  2 ancient liches
  The ghost of Sebriys the Wrestler, a legendary TrBe of Trog (Zot:1)
  11 orbs of fire
  2 dread liches (Zot:4)
  Mara (Snake:3)
  3 juggernauts
  7 Killer Klowns
  A shard shrike (Zot:4)
  Bai Suzhen (Elf:2)
  Vashnia (Snake:2)
  Saint Roka (Vaults:1)
  2 curse toes
  13 golden dragons
  Jory (Vaults:2)
  A bone dragon (Zot:2)
  3 profane servitors
  A Tzitzimitl (Depths:1)
  5 electric golems
  14 tentacled monstrosities
  A walking crystal tome (Depths:3)
  26 Orb Guardians
  A walking earthen tome (Depths:4)
  2 titans
  A deep elf master archer (Elf:3)
  6 liches
  3 acid blobs (Slime:5)
  8 quicksilver dragons
  9 death cobs
  5 sphinxes
  The ghost of sastreii the Metamorph, an adept TrWr of Cheibriados (Snake:1)
  Agnes (Snake:1)
  A tengu reaver (Depths:4)
  Donald (Vaults:1)
  15 storm dragons
  4 draconian monks
  6 shadow dragons
  A nagaraja (Snake:4)
  7 draconian knights
  7 fire giants
  2 rockslimes
  4 frost giants
  5 azure jellies
  4 deep elf sorcerers (Elf:3)
  6 vault wardens
  2 draconian scorchers
  A ghost moth (Zot:2)
  Louise (D:14)
  2 draconian stormcallers
  An orc warlord (Vaults:4)
  14 draconian shifters
  A pandemonium lord (D:15)
  An angel (D:11)
  10 stone giants
  3 very ugly things (Depths:3)
  3 deep elf elementalists
  5 ironbound preservers
  5 quicksilver oozes
  8 war gargoyles
  3 formless jellyfish
  7 ironbound thunderhulks
  12 green draconians
  4 vampire knights
  5 yellow draconians
  Nessos (D:14)
  4 deep elf demonologists
  Azrael (Snake:3)
  A demonspawn black sun (D:9)
  10 black draconians
  2 deep elf annihilators (Elf:3)
  2 lorocyprocas (D:9)
  6 spark wasps
  5 purple draconians
  8 white draconians
  4 red draconians
  6 dire elephants
  Snorg (D:14)
  7 ettins
  5 deep elf death magi
  A crystal guardian (Vaults:1)
  An entropy weaver (Vaults:2)
  4 fire dragons
  14 merfolk impalers
  A deep elf high priest (Elf:3)
  2 blizzard demons (Depths:3)
  6 merfolk javelineers
  Josephine (Orc:1)
  7 yaktaur captains
  3 salamander tyrants (Snake:4)
  5 hydras
  A vault guard (Vaults:3)
  2 great orbs of eyes
  A rakshasa (Depths:1)
  2 peacekeepers
  3 spriggan air magi
  13 ice dragons
  6 anacondas
  4 boulder beetles
  3 merfolk avatars
  An alligator snapping turtle (Shoals:4)
  2 merfolk aquamancers (Shoals:4)
  7 centaur warriors
  7 ironbound frosthearts
  34 dancing weapons
  2 two-headed ogres
  A satyr (Shoals:4)
  3 deep troll shamans
  4 tengu warriors
  2 deep troll earth magi (Depths:2)
  4 death yaks
  An orc high priest (Orc:2)
  5 shock serpents
  A vampire mage (Depths:2)
  13 naga warriors
  4 spriggan berserkers
  3 naga sharpshooters
  Sonja (Lair:1)
  7 skysharks
  12 deep elf knights
  A hell knight (Depths:4)
  5 iron trolls
  A salamander mystic (Snake:4)
  A skyshark (shapeshifter) (Depths:3)
  12 sea snakes
  2 glowing orange brains
  9 deep trolls
  A flayed ghost (Depths:1)
  3 deep elf archers
  10 lindwurms
  3 orc knights
  An orange crystal statue (Zot:5)
  11 deep elf zephyrmancers
  4 naga ritualists
  6 ironbound convokers
  A phantasmal warrior (Depths:4)
  5 obsidian statues
  5 necromancers
  6 wizards
  17 deep elf pyromancers
  10 ugly things
  10 harpies
  3 large abominations
  6 orc sorcerers
  7 mana vipers
  7 cyclopes
  9 manticores
  A glowing shapeshifter (Depths:2)
  9 salamanders
  A stone giant zombie (Vaults:2)
  16 fauns
  16 moths of wrath
  A human skeleton (Vaults:2)
  A guardian serpent (Snake:4)
  2 merfolk sirens (Shoals:4)
  A rust devil (Depths:2)
  A stone giant skeleton (Vaults:2)
  9 vault sentinels
  23 black mambas
  11 elephants
  5 water nymphs
  10 cane toads
  2 molten gargoyles (Depths:3)
  A torpor snail (Lair:1)
  A cane toad (shapeshifter) (Depths:3)
  An eye of devastation (Slime:1)
  8 naga magi
  2 gargoyles
  A centaur skeleton (D:15)
  An unseen horror (shapeshifter) (D:14)
  5 rime drakes
  5 yaktaurs
  5 komodo dragons
  3 tengu conjurers
  9 trolls
  21 merfolk
  7 hornets
  A tarantella (shapeshifter) (D:15)
  4 wind drakes
  4 polar bears (Lair:5)
  13 blink frogs
  8 snapping turtles
  2 dream sheep
  31 slime creatures
  A shadow (D:12)
  14 water elementals
  2 ynoxinuls
  7 air elementals
  11 spriggans (Lair:3)
  5 wyverns
  22 yaks
  Eustachio (D:5)
  6 basilisks
  A hog (Lair:5)
  6 humans (Zot:1)
  7 wraiths
  A golden eye (Slime:4)
  A hog (shapeshifter) (Depths:3)
  8 fire elementals
  A chaos spawn (D:9)
  2 steam dragons
  A redback (Vaults:2)
  Menkaure (D:6)
  2 wargs (Orc:1)
  35 nagas
  7 water moccasins
  2 hell hounds (Snake:3)
  A floating eye (Depths:4)
  A sky beast (D:8)
  21 orc warriors
  4 boggarts
  An ice beast (D:5)
  16 wolves
  4 phantoms
  11 centaurs
  3 ogres
  A kobold brigand (D:7)
  An elf zombie (Elf:1)
  A gnoll sergeant (D:8)
  A scorpion (D:6)
  13 bullfrogs
  12 earth elementals
  A wight (D:7)
  10 killer bees
  5 howler monkeys
  4 electric eels
  A hound (D:5)
  2 jellies
  11 orc priests
  A gnoll bouda (D:6)
  Ijyb (D:3)
  4 iguanas
  22 orc wizards
  Natasha (thrice) (D:3)
  4 hell rats
  Robin (D:3)
  16 gnolls
  10 adders
  8 river rats
  2 white imps
  An ufetubus (D:6)
  2 worms
  2 dart slugs
  47 orcs
  12 ball pythons
  8 endoplasms
  4 giant cockroaches
  10 hobgoblins
  10 jackals
  6 quokkas
  7 bats
  2 frilled lizards (Sewer)
  16 goblins
  9 kobolds
  10 rats
  A ball lightning (Depths:3)
1430 creatures vanquished.

Vanquished Creatures (collateral kills)
  A curse toe (Zot:5)
  A golden dragon (Zot:2)
  A walking earthen tome (Depths:1)
  A deep elf blademaster (Elf:2)
  4 tentacled monstrosities
  Asterion (Snake:3)
  2 deep elf master archers (Elf:3)
  A kraken (Shoals:2)
  A sphinx (Vaults:3)
  An Executioner (D:15)
  Gastronok (Lair:3)
  11 acid blobs (Slime:5)
  Kirke (Lair:5)
  2 storm dragons
  6 nagarajas (Snake:4)
  2 draconian monks
  3 azure jellies (Slime:5)
  2 fire giants
  Ilsuiw (Shoals:4)
  A draconian knight (Zot:2)
  A frost giant (Depths:1)
  5 rockslimes
  5 draconian scorchers
  An orc warlord (Vaults:3)
  5 deep elf elementalists
  A vault warden (Vaults:3)
  2 draconian shifters
  2 draconian annihilators
  4 very ugly things
  4 draconian stormcallers
  4 quicksilver oozes (Slime:5)
  A war gargoyle (Depths:2)
  A spriggan defender (Depths:1)
  7 ironbound preservers
  4 stone giants
  A formless jellyfish (Vaults:2)
  A vampire knight (Depths:2)
  3 black draconians
  6 deep elf demonologists
  2 ironbound thunderhulks
  A lorocyproca (D:15)
  3 green draconians
  4 deep elf annihilators (Elf:3)
  4 spark wasps
  5 red draconians
  3 yellow draconians (Zot:2)
  4 white draconians
  8 dire elephants
  5 purple draconians
  3 ettins
  3 deep elf death magi (Elf:3)
  A blizzard demon (D:15)
  A merfolk javelineer (Shoals:4)
  A jiangshi (Vaults:3)
  4 yaktaur captains
  3 merfolk impalers
  8 great orbs of eyes
  3 deep elf high priests (Elf:3)
  3 vault guards (Vaults:3)
  2 fire dragons (Depths:4)
  2 hydras
  A peacekeeper (Vaults:1)
  4 centaur warriors
  4 dancing weapons
  A two-headed ogre (shapeshifter) (Vaults:3)
  2 two-headed ogres
  3 tengu warriors
  5 naga warriors (Snake:4)
  7 deep troll shamans
  A deep troll earth mage (Depths:2)
  A death yak (Lair:4)
  A shock serpent (shapeshifter) (Depths:3)
  4 deep elf knights
  5 spriggan berserkers
  3 naga sharpshooters
  A salamander mystic (Snake:4)
  31 deep trolls
  A skeletal warrior (Vaults:3)
  7 iron trolls
  A deep elf archer (Elf:1)
  6 ironbound convokers
  3 wizards
  3 lindwurms
  10 deep elf zephyrmancers
  8 deep elf pyromancers
  A phantasmal warrior (Depths:4)
  11 harpies
  4 orc knights
  A lindwurm (shapeshifter) (Depths:3)
  21 ugly things
  An oklob plant (Lair:4)
  3 necromancers
  An orc sorcerer (Orc:2)
  A cyclops (D:11)
  3 mana vipers
  A shining eye (Slime:2)
  2 moths of wrath
  2 manticores
  11 fauns
  4 merfolk sirens
  11 elephants
  A frost giant skeleton (Vaults:1)
  A guardian serpent (Snake:4)
  10 black mambas
  2 naga magi
  5 vault sentinels
  6 eyes of devastation
  A water nymph (Shoals:1)
  A centaur zombie (D:15)
  4 cane toads
  A centaur skeleton (D:15)
  A hellion (D:9)
  A rime drake (Lair:5)
  3 komodo dragons
  13 yaktaurs
  A tengu conjurer (D:15)
  23 merfolk
  4 trolls
  3 wind drakes (Shoals:4)
  A hornet (Depths:4)
  6 dream sheep
  8 blink frogs
  A wind drake (shapeshifter) (Depths:3)
  2 snapping turtles
  A dream sheep (shapeshifter) (Depths:3)
  A slime creature (shapeshifter) (Depths:3)
  76 slime creatures
  2 wraiths
  A shadow (D:11)
  3 fire elementals
  2 spriggans
  An ettin skeleton (Vaults:1)
  21 yaks
  An air elemental (Depths:3)
  8 water elementals
  10 golden eyes (Slime:4)
  2 basilisks
  A steam dragon (D:10)
  3 hogs (Lair:5)
  18 nagas
  An acid dragon (D:9)
  2 glowing shapeshifter skeletons
  2 hell hounds (Snake:3)
  4 wargs
  2 hydra simulacra (Zot:4)
  7 water moccasins
  12 orc warriors
  2 black bears
  An ogre (D:5)
  4 boggarts (Vaults:2)
  6 wolves
  2 large abominations (Elf:1)
  5 centaurs
  A kobold brigand (D:8)
  A scorpion (D:5)
  2 gnoll sergeants
  2 bullfrogs (Lair:1)
  2 earth elementals (Depths:3)
  2 wights (D:7)
  A killer bee (D:8)
  2 gnoll boudas
  13 orc priests
  2 sleepcaps
  7 orc wizards
  5 hell rats (Lair:4)
  15 gnolls
  2 adders (Sewer)
  4 river rats (Lair:5)
  A worm (Sewer)
  A dart slug (D:4)
  28 orcs
  2 ball pythons (Sewer)
  A giant cockroach (Sewer)
  A goblin (D:9)
  3 bats (Sewer)
  2 frilled lizards (Sewer)
  5 kobolds
  A rat (Lair:5)
  3 ball lightnings (Depths:3)
  A butterfly (Lair:2)
  3 tentacles (Shoals:2)
779 creatures vanquished.

Vanquished Creatures (others)
  A quicksilver dragon (Zot:1)
  Aizul (Elf:2)
  A nagaraja (Snake:4)
  A draconian knight (Zot:2)
  A rockslime (Slime:5)
  A fire giant (Depths:4)
  A frost giant (shapeshifter) (Depths:3)
  2 azure jellies (Slime:5)
  A frost giant (Depths:1)
  A draconian scorcher (Zot:2)
  An ironbound preserver (Vaults:2)
  A draconian stormcaller (Zot:1)
  3 draconian annihilators
  3 very ugly things
  3 green draconians
  A yellow draconian (Zot:5)
  A white draconian (Zot:4)
  2 dire elephants
  A red draconian (Depths:4)
  A spark wasp (Depths:4)
  A merfolk javelineer (Shoals:4)
  A fire dragon (Depths:2)
  A yaktaur captain (Vaults:3)
  An ironbound frostheart (Vaults:2)
  A merfolk aquamancer (Shoals:4)
  5 deep troll shamans
  A two-headed ogre (Snake:4)
  2 satyrs (Shoals:4)
  3 tengu warriors
  A naga warrior (Snake:4)
  2 spriggan berserkers
  A deep elf knight (Elf:1)
  8 deep trolls
  A swamp dragon (shapeshifter) (Depths:3)
  A glowing orange brain (Depths:3)
  A deep elf archer (Elf:1)
  4 harpies
  A necromancer (Elf:1)
  4 deep elf pyromancers
  3 deep elf zephyrmancers
  A faun (Shoals:4)
  4 ugly things
  A cyclops (shapeshifter) (Depths:3)
  An elephant (Zot:1)
  A moth of wrath (Zot:1)
  A salamander (Snake:4)
  A merfolk siren (Shoals:4)
  A black mamba (Snake:4)
  A komodo dragon (Lair:3)
  3 yaktaurs (Vaults:3)
  A merfolk (Shoals:3)
  A hornet (Depths:4)
  11 slime creatures
  An air elemental (Depths:3)
  A spriggan (Depths:4)
  A water elemental (Depths:3)
  3 nagas (Snake:4)
  An ogre (shapeshifter) (Depths:3)
  A wight (D:7)
  A killer bee (D:9)
  An orc (Vaults:1)
  6 ball lightnings (Depths:3)
  4 tentacles (Shoals:2)
119 creatures vanquished.

Grand Total: 2328 creatures vanquished

Notes
Turn   | Place    | Note
-------+----------+-------------------------------------------
     0 | D:1      | PaperRat the Vampire Brigand began the quest for the Orb.
     0 | D:1      | Reached XP level 1. HP: 16/16 MP: 1/1
   268 | D:1      | Reached XP level 2. HP: 22/22 MP: 2/2
   755 | D:1      | Gained mutation: You are afflicted with vampirism and can
                  | become a bat while bloodless. [Vampire growth]
   755 | D:1      | Reached XP level 3. HP: 27/27 MP: 3/3
  1084 | D:2      | Learned a level 3 spell: Call Canine Familiar
  1264 | D:2      | Found a faded altar of an unknown god.
  1513 | D:3      | Noticed Natasha
  1520 | D:3      | Killed Natasha
  1521 | D:3      | Reached skill level 1 in Summonings
  1521 | D:3      | Reached XP level 4. HP: 33/33 MP: 4/4
  1541 | D:3      | Noticed Ijyb
  1553 | D:3      | Killed Ijyb
  2013 | D:3      | Noticed Robin
  2020 | D:3      | Killed Robin
  2030 | D:3      | Reached XP level 5. HP: 38/38 MP: 5/5
  2327 | D:3      | Noticed Natasha
  2340 | D:3      | Killed Natasha
  2606 | D:3      | Noticed Natasha
  2614 | D:3      | Killed Natasha
  2806 | D:4      | Reached skill level 1 in Spellcasting
  2815 | D:4      | Noticed an ogre
  2825 | D:4      | Killed an ogre
  2826 | D:4      | Reached skill level 1 in Evocations
  2826 | D:4      | Reached XP level 6. HP: 44/44 MP: 3/7
  3026 | D:4      | Reached skill level 5 in Summonings
  3535 | D:5      | Entered Level 5 of the Dungeon
  3535 | D:5      | Noticed an ice beast
  3602 | D:5      | Killed an ice beast
  3603 | D:5      | Reached XP level 7. HP: 50/50 MP: 4/8
  4308 | D:5      | Noticed Blork the orc
  4309 | D:5      | Blork the orc changed into Blork the dart slug
  4309 | D:5      | Noticed Blork
  4311 | D:5      | Noticed Eustachio
  4314 | D:5      | Killed Blork the dart slug
  4327 | D:5      | Killed Eustachio
  4328 | D:5      | Reached XP level 8. HP: 60/60 MP: 8/10
  4853 | D:6      | Reached skill level 5 in Fighting
  4897 | D:6      | Found a glowing drain.
  4929 | D:6      | Learned a level 5 spell: Summon Mana Viper
  4930 | Sewer    | Entered a sewer
  5794 | D:6      | Noticed Menkaure
  5796 | D:6      | Killed Menkaure
  6108 | D:6      | Reached XP level 9. HP: 68/68 MP: 12/12
  6128 | D:6      | Learned a level 4 spell: Petrify
  6273 | D:6      | Reached skill level 1 in Hexes
  6463 | D:7      | Found the +5 robe of Misfortune {Harm *Corrode *Slow EV+5}
  6575 | D:7      | Found a staircase to the Ecumenical Temple.
  6595 | Temple   | Entered the Ecumenical Temple
  6614 | Temple   | Became a worshipper of Dithmenos the Shadowed
  6789 | D:7      | Found Samare Mec's Antique Weapon Shop.
  6789 | D:7      | You fall into a shaft and drop 1 floor!
  6907 | D:7      | Identified 2 scrolls of acquirement
  6907 | D:7      | Acquired the +0 pair of fencer's gloves {Riposte Dex+3}
  6907 | D:7      | Found the +0 pair of fencer's gloves {Riposte Dex+3}
  6914 | D:7      | Acquired the amulet "Culomm Uwine" {Spirit Will+ Regen+
                  | Str+3 Int+4}
  7597 | D:8      | Reached * piety under Dithmenos
  7810 | D:8      | Reached skill level 5 in Hexes
  8367 | D:9      | Reached XP level 10. HP: 63/77 MP: 9/14
  8385 | D:9      | Reached ** piety under Dithmenos
  8402 | D:9      | Found a flagged portal.
  8414 | Bailey   | Entered a bailey
  8522 | Bailey   | Found a large runed translucent door.
  8522 | Bailey   | Found a large runed translucent door.
  8523 | Bailey   | Noticed an orc knight
  8523 | Bailey   | Noticed a deep elf pyromancer
  8554 | Bailey   | Killed an orc knight
  8754 | Bailey   | Killed a deep elf pyromancer
  8767 | Bailey   | Identified the +3 battleaxe "Mexuorch" {pain, rElec rN+
                  | Dex+2}
  8932 | D:9      | Found a bloodstained altar of Trog.
  8943 | D:9      | Found a basalt altar of Yredelemnul.
  9058 | D:9      | Reached skill level 1 in Transmutations
  9126 | D:9      | Reached skill level 1 in Earth Magic
  9619 | D:10     | Entered Level 10 of the Dungeon
  9619 | D:10     | Noticed a two-headed ogre
  9628 | D:10     | Killed a two-headed ogre
  9804 | D:10     | Noticed a two-headed ogre
  9820 | D:10     | Killed a two-headed ogre
  9821 | D:10     | Reached XP level 11. HP: 66/86 MP: 4/17
  9822 | D:10     | Reached skill level 10 in Hexes
  9949 | D:10     | Reached *** piety under Dithmenos
 10143 | D:10     | Reached skill level 5 in Transmutations
 10445 | D:11     | Noticed a red ugly thing
 10454 | D:11     | Found a portal to a secret trove of treasure.
 10456 | D:11     | Noticed a green ugly thing
 10503 | D:11     | Killed a red ugly thing
 10504 | D:11     | Reached skill level 5 in Earth Magic
 10514 | D:11     | Killed a green ugly thing
 10643 | D:11     | Noticed a boulder beetle
 10657 | D:11     | Killed a boulder beetle
 10998 | D:11     | Found a staircase to the Lair.
 11003 | D:11     | Identified the +0 robe of Winter {rC+}
 11134 | D:11     | Noticed a two-headed ogre
 11145 | D:11     | Killed a two-headed ogre
 11385 | Lair:1   | Entered Level 1 of the Lair of Beasts
 11494 | Lair:1   | Reached XP level 12. HP: 73/92 MP: 8/18
 11964 | Lair:1   | Noticed Sonja
 11975 | Lair:1   | Killed Sonja
 11976 | Lair:1   | Reached skill level 5 in Dodging
 12107 | Lair:1   | Reached **** piety under Dithmenos
 12114 | Lair:1   | Reached skill level 5 in Spellcasting
 12504 | Lair:1   | Reached skill level 5 in Evocations
 12709 | Lair:1   | Reached skill level 10 in Stealth
 13273 | Lair:1   | Learned a level 8 spell: Maxwell's Capacitive Coupling
 14054 | Lair:2   | Reached skill level 1 in Air Magic
 14271 | Lair:2   | Reached skill level 1 in Armour
 14359 | Lair:2   | Reached XP level 13. HP: 96/98 MP: 17/22
 14438 | Lair:2   | Reached ***** piety under Dithmenos
 14826 | Lair:3   | Found a staircase to the Shoals.
 14942 | Lair:3   | Found a staircase to the Snake Pit.
 15099 | Lair:3   | Reached skill level 5 in Short Blades
 15183 | Lair:3   | Reached skill level 10 in Transmutations
 15363 | Lair:3   | Noticed Gastronok
 15411 | Lair:3   | Killed Gastronok
 16726 | Lair:4   | Reached skill level 1 in Shields
 17103 | Lair:4   | Reached ****** piety under Dithmenos
 17270 | Lair:3   | Reached XP level 14. HP: 90/108 MP: 6/24
 17956 | Lair:5   | Entered Level 5 of the Lair of Beasts
 18171 | Lair:5   | Found a staircase to the Slime Pits.
 18171 | Lair:5   | Found a viscous altar of Jiyva.
 18611 | Lair:5   | Reached skill level 5 in Air Magic
 19040 | Lair:5   | Noticed Kirke
 19127 | Lair:5   | Killed Kirke
 19566 | Lair:5   | Identified the +5 trident of Ristross {flame, rElec rF+}
 20203 | D:12     | Found a staircase to the Orcish Mines.
 20715 | Orc:1    | Entered Level 1 of the Orcish Mines
 20751 | Orc:1    | Reached skill level 10 in Fighting
 20981 | Orc:1    | Learned a level 8 spell: Discord
 20982 | Orc:2    | Entered Level 2 of the Orcish Mines
 21702 | Orc:1    | Noticed Josephine
 21719 | Orc:1    | Reached skill level 5 in Shields
 21817 | Orc:1    | Killed Josephine
 22040 | Orc:2    | Found a staircase to the Elven Halls.
 22195 | Orc:2    | Found Rueth's Assorted Antiques.
 22195 | Orc:2    | Found Mirr's Antique Armour Shoppe.
 22195 | Orc:2    | Found Kirau's Weapon Shoppe.
 22212 | Orc:2    | Found Lyenewn's Magic Scroll Emporium.
 22245 | Orc:2    | Reached XP level 15. HP: 115/115 MP: 21/27
 22398 | Orc:2    | Bought the +3 crown of Dyrovepreva {rElec Int+2 SInv} for
                  | 1324 gold pieces
 22398 | Orc:2    | Found the +3 crown of Dyrovepreva {rElec Int+2 SInv}
 22922 | Orc:2    | Bought an embroidered robe for 118 gold pieces
 22927 | Orc:2    | Bought a scroll of identify for 22 gold pieces
 22927 | Orc:2    | Bought a scroll of identify for 22 gold pieces
 22927 | Orc:2    | Bought a scroll of identify for 22 gold pieces
 22931 | Orc:2    | Bought 4 curare-tipped darts for 67 gold pieces
 23082 | D:13     | Identified the +1 rapier "Turgh" {freeze, Will+ Int+3
                  | Stlth+}
 23377 | D:13     | Identified the ring of Roacuc {Fire rElec Slay+3}
 23930 | D:13     | Found Jese's Armour Shoppe.
 23938 | D:13     | Bought a +2 cloak of preservation for 301 gold pieces
 24539 | D:14     | Noticed Nessos
 24548 | D:14     | Killed Nessos
 24874 | D:14     | Noticed Snorg
 24887 | D:14     | Killed Snorg
 24974 | D:14     | Found a gate to the Vaults.
 25364 | D:14     | Found Ireifejeli's Armour Boutique.
 25369 | D:14     | Noticed Louise
 25379 | D:14     | Killed Louise
 25634 | D:15     | Entered Level 15 of the Dungeon
 26140 | D:15     | Found a radiant altar of Vehumet.
 26146 | D:15     | Got the Directory of the Retinue
 26282 | D:15     | Found a staircase to the Depths.
 27017 | Snake:1  | Entered Level 1 of the Snake Pit
 27105 | Snake:1  | Noticed Agnes
 27107 | Snake:1  | Killed Agnes
 27246 | Snake:1  | Acquired a ring of poison resistance
 27719 | Snake:1  | Found a runed translucent door.
 27719 | Snake:1  | Noticed sastreii's ghost (adept TrWr)
 28042 | Snake:1  | Got the Commentary on Corruption and Rallying
 28114 | Snake:2  | Reached skill level 15 in Hexes
 28143 | Snake:2  | Reached skill level 10 in Dodging
 28143 | Snake:2  | Reached XP level 16. HP: 121/125 MP: 15/29
 28191 | Snake:2  | Noticed Vashnia
 28364 | Snake:2  | Killed Vashnia
 29267 | Snake:2  | Reached skill level 10 in Spellcasting
 30075 | Snake:3  | Learned a level 3 spell: Confusing Touch
 30100 | Snake:3  | Found Eshuy's Book Shop.
 30428 | Snake:3  | Acquired 628 gold pieces
 30727 | D:14     | Bought the +3 pair of gauntlets of War {Slay+5} for 807
                  | gold pieces
 30727 | D:14     | Found the +3 pair of gauntlets of War {Slay+5}
 31303 | Snake:3  | Identified the +0 robe of the Valley {rElec rCorr Int-3
                  | SInv}
 31379 | Snake:3  | Noticed Mara
 31380 | Snake:3  | Noticed Asterion
 31899 | Snake:3  | Killed Asterion
 32232 | Snake:3  | Noticed Azrael
 32251 | Snake:3  | Killed Azrael
 32473 | Snake:3  | Killed Mara
 32538 | Snake:3  | Found Eshuy's Book Shop.
 33009 | Snake:4  | Entered Level 4 of the Snake Pit
 33560 | Snake:4  | Identified the +0 leather armour of Failure {Fly Int+4}
 34771 | Snake:4  | Reached XP level 17. HP: 133/133 MP: 11/31
 35396 | Snake:4  | Reached skill level 10 in Air Magic
 35481 | Snake:4  | Got a serpentine rune of Zot
 36099 | Snake:4  | Learned a level 5 spell: Irradiate
 36288 | Shoals:1 | Entered Level 1 of the Shoals
 36538 | Shoals:1 | Reached skill level 1 in Conjurations
 36676 | Shoals:1 | You are sucked into a shaft and drop 1 floor!
 37531 | Shoals:2 | Noticed a kraken
 37541 | Shoals:2 | Killed a kraken
 37907 | Shoals:2 | Noticed a tentacled monstrosity
 37912 | Shoals:2 | Killed a tentacled monstrosity
 37915 | Shoals:2 | Got the Codex of Mad Ravings
 37917 | Shoals:2 | Identified the ring "Fyemau" {Fly rCorr Dex+3}
 39768 | Shoals:4 | Entered Level 4 of the Shoals
 39790 | Shoals:4 | Reached XP level 18. HP: 130/140 MP: 6/32
 39874 | Shoals:4 | Found the +5 glaive of the Guard {elec, spectral, AC+5}
 40371 | Shoals:4 | Identified the +6 morningstar "Rarant" {speed, rElec rN+
                  | Int+4}
 41754 | Shoals:4 | Identified the staff "Utupt" {rElec rF+ rC++ rCorr Str-3
                  | Fire}
 41833 | Shoals:4 | Got a barnacled rune of Zot
 41870 | Shoals:4 | Noticed Ilsuiw
 41875 | Shoals:4 | Killed Ilsuiw
 43640 | Elf:1    | Entered Level 1 of the Elven Halls
 43646 | Elf:1    | Reached skill level 10 in Shields
 44367 | Elf:1    | Found a radiant altar of Vehumet.
 44754 | Elf:1    | Got the Handbook of Ectoplasm
 44964 | Elf:2    | Noticed Aizul
 44996 | Elf:2    | Killed Aizul
 45798 | Elf:2    | Reached XP level 19. HP: 146/146 MP: 33/33
 46028 | Elf:2    | Found a runed translucent gate.
 46028 | Elf:2    | Found a runed translucent gate.
 46028 | Elf:2    | Found a runed translucent gate.
 46099 | Elf:2    | Learned a level 5 spell: Borgnjor's Vile Clutch
 46100 | Elf:3    | Entered Level 3 of the Elven Halls
 46193 | Elf:3    | Paralysed by an air elemental for 1 turns
 46221 | Elf:3    | Reached skill level 1 in Necromancy
 46745 | Elf:3    | Noticed a Brimstone Fiend
 46899 | Elf:3    | Identified the ring "Hec Vif" {rF+ Dex+4}
 47048 | Elf:3    | Noticed Bai Suzhen
 47164 | Elf:2    | Killed Bai Suzhen
 47165 | Elf:2    | Reached skill level 5 in Necromancy
 47662 | Elf:3    | Noticed a Tzitzimitl
 48886 | Elf:3    | Found the +2 Maxwell's thermic engine {flame, freeze, rev}
 48908 | Elf:3    | Identified the +0 robe "Otsawog" {+Inv MP+9}
 48983 | Elf:3    | Found the +9 staff of Olgreb {rPois∞}
 48987 | Elf:3    | Identified the ring "Ymohanaa" {rCorr Int+6}
 48996 | Elf:3    | Identified the +4 acid dragon scales "Totexi" {rN+ rCorr}
 49003 | Elf:3    | Identified the amulet of Syahun {Drain rC++ Regen+ MP+9
                  | Stlth+}
 49007 | Elf:3    | Got Odatsiuro's Volume of Gusts and Silt
 49010 | Elf:3    | Identified the +7 plate armour of Boenlu {Will- Str+8
                  | Dex+2}
 49022 | Elf:3    | Got the Treatise on the Brume and Chilblains
 49377 | Elf:3    | Found Fubbutru's Weapon Shop.
 50032 | Vaults:1 | Entered Level 1 of the Vaults
 50037 | Vaults:1 | Reached skill level 15 in Air Magic
 50584 | Vaults:1 | Noticed Donald
 50588 | Vaults:1 | Killed Donald
 51488 | Vaults:1 | Noticed Saint Roka
 51558 | Vaults:1 | Killed Saint Roka
 52109 | Vaults:2 | Reached XP level 20. HP: 156/156 MP: 24/35
 52197 | Vaults:2 | Learned a level 7 spell: Enfeeble
 52247 | Vaults:2 | Identified the +0 pair of boots of Vyifriem {rElec}
 52966 | Vaults:2 | Identified the +6 hand axe of the Hall of Blades {holy,
                  | rElec rPois rC+ Int-5}
 53340 | Vaults:2 | Noticed Jory
 53515 | Vaults:2 | Killed Jory
 53578 | Vaults:2 | You fall into a shaft and drop 1 floor!
 53582 | Vaults:3 | Reached skill level 5 in Armour
 53886 | Vaults:2 | Identified the +0 chain mail "Rafuxoar" {-Cast Will+ Str+2}
 56126 | Vaults:3 | Found a staircase to the Crypt.
 57012 | Vaults:4 | Found a flickering gateway to a bazaar.
 57023 | Bazaar   | Entered a bazaar
 57048 | Bazaar   | Found Ugidd's Antique Weapon Shoppe.
 57059 | Bazaar   | Found Ympeth's Antique Weapon Emporium.
 57074 | Bazaar   | Found Burontak's Antique Armour Emporium.
 57085 | Bazaar   | Found Unnouj's Antique Armour Shoppe.
 57102 | Bazaar   | Bought a pair of glowing boots for 165 gold pieces
 57461 | Vaults:4 | Reached XP level 21. HP: 128/165 MP: 20/37
 59137 | Slime:1  | Entered Level 1 of the Pits of Slime
 60862 | Slime:5  | Entered Level 5 of the Pits of Slime
 61566 | Slime:5  | Found a viscous altar of Jiyva.
 61939 | Slime:5  | Noticed the Royal Jelly
 61979 | Slime:5  | Killed the Royal Jelly
 62513 | Slime:5  | Got a slimy rune of Zot
 62514 | Slime:5  | Identified the +5 broad axe of War {heavy, rF+ rC+}
 62562 | Slime:5  | Identified the +6 scale mail "Kotopsiq" {*Corrode Str+5
                  | Dex+2}
 62582 | Slime:5  | Identified the +2 pair of gloves "Mecu" {Rampage}
 63198 | D:7      | Bought a buzzing trident for 187 gold pieces
 63198 | D:7      | Identified the +7 trident of Glory {holy, rC+} (You bought
                  | it in a shop on level 7 of the Dungeon)
 63449 | Depths:1 | Entered Level 1 of the Depths
 63473 | Depths:1 | Learned a level 2 spell: Passwall
 64811 | Depths:1 | Reached XP level 22. HP: 173/173 MP: 13/38
 65007 | Depths:1 | Found a huge runed gate.
 65007 | Depths:1 | Found a huge runed gate.
 65007 | Depths:1 | Found a huge runed gate.
 65007 | Depths:1 | Found a huge runed gate.
 65007 | Depths:1 | Found a huge runed gate.
 65010 | Depths:1 | Found a huge runed gate.
 65011 | Depths:1 | Found a huge runed gate.
 65011 | Depths:1 | Found a huge runed gate.
 65012 | Depths:1 | Found a huge runed gate.
 65013 | Depths:1 | Found a huge runed gate.
 65019 | Depths:1 | Found a huge runed gate.
 65019 | Depths:1 | Found a huge runed gate.
 65019 | Depths:1 | Found a huge runed gate.
 65019 | Depths:1 | Found a huge runed gate.
 65019 | Depths:1 | Found a huge runed gate.
 65019 | Depths:1 | Found a huge runed gate.
 65020 | Depths:1 | Found a huge runed gate.
 65021 | Depths:1 | Found a huge runed gate.
 65022 | Depths:1 | Found a huge runed gate.
 65030 | Depths:1 | Found a huge runed gate.
 65030 | Depths:1 | Found a huge runed gate.
 65030 | Depths:1 | Found a huge runed gate.
 65030 | Depths:1 | Found a huge runed gate.
 65030 | Depths:1 | Found a huge runed gate.
 65030 | Depths:1 | Found a huge runed gate.
 65031 | Depths:1 | Found a huge runed gate.
 65032 | Depths:1 | Found a huge runed gate.
 65033 | Depths:1 | Found a huge runed gate.
 65042 | Depths:1 | Found a huge runed gate.
 65042 | Depths:1 | Found a huge runed gate.
 65042 | Depths:1 | Found a huge runed gate.
 65042 | Depths:1 | Found a huge runed gate.
 65042 | Depths:1 | Found a huge runed gate.
 65042 | Depths:1 | Found a huge runed gate.
 65043 | Depths:1 | Found a huge runed gate.
 65089 | Depths:1 | Found a huge runed gate.
 65151 | Depths:1 | Found a gateway to Hell.
 65227 | Depths:1 | Found a sparkling altar of Nemelex Xobeh.
 65592 | Depths:1 | Identified the amulet "Syngia" {RegenMP rPois SInv}
 65719 | Depths:1 | Found a sparkling altar of Nemelex Xobeh.
 65754 | Depths:1 | Found a gateway to Hell.
 66534 | Depths:2 | Noticed a golden dragon
 66567 | Depths:2 | Killed a golden dragon
 66756 | Depths:2 | Found a basalt altar of Yredelemnul.
 67513 | Depths:2 | Reached skill level 15 in Fighting
 67537 | Depths:2 | Noticed a juggernaut
 67542 | Depths:2 | Killed a juggernaut
 67830 | Depths:2 | Noticed a juggernaut
 67834 | Depths:2 | Killed a juggernaut
 67933 | Depths:2 | Noticed a golden dragon
 67955 | Depths:2 | Killed a golden dragon
 68147 | Depths:2 | Found a one-way gateway to a ziggurat.
 68208 | Depths:2 | Found a one-way gate leading to the halls of Pandemonium.
 68466 | Depths:2 | Found the +3 salamander hide armour {Flames, rFlCloud rF++
                  | rC--}
 68525 | Depths:2 | Identified the +1 spear of Dalon {heavy, Contam Will+
                  | Int+2}
 69151 | Depths:2 | Reached skill level 1 in Invocations
 70035 | Depths:3 | Paralysed by an air elemental for 1 turns
 70039 | Depths:3 | Paralysed by an air elemental for 1 turns
 70134 | Depths:3 | Paralysed by an air elemental for 1 turns
 70204 | Depths:3 | Paralysed by an air elemental for 1 turns
 70208 | Depths:3 | Paralysed by an air elemental for 1 turns
 70405 | Depths:3 | Paralysed by an air elemental for 1 turns
 70414 | Depths:3 | Paralysed by an air elemental for 1 turns
 71449 | Depths:3 | Identified the +5 ring mail of the Charmed God {Dex+3}
 71732 | Depths:3 | Reached skill level 5 in Invocations
 71970 | Depths:3 | Got Sif Muna's Encyclopedia of Petrous Shaping
 71983 | Depths:3 | Found a one-way gate to the infinite horrors of the Abyss.
 72070 | Depths:3 | Reached XP level 23. HP: 181/182 MP: 33/41
 72125 | Depths:3 | Identified the +7 chain mail of the Assorted Quests {Harm}
 72158 | Depths:3 | Identified the amulet "Huovvel" {Will+ Regen+}
 72256 | Depths:3 | Identified the +8 trident of Untruth {flame, Dex+7}
 72663 | Depths:4 | Entered Level 4 of the Depths
 73321 | Depths:4 | Noticed a juggernaut
 73323 | Depths:4 | Killed a juggernaut
 74323 | Depths:4 | Found Xefat's Book Boutique.
 74323 | Depths:4 | Found Wohung's Jewellery Emporium.
 74324 | Depths:4 | Found Munoz's Book Boutique.
 74330 | Depths:4 | Bought a manual of Dodging for 960 gold pieces
 74425 | Depths:4 | Reached skill level 10 in Invocations
 74450 | Depths:4 | Found a gate to the Realm of Zot.
 74900 | Zot:1    | Entered Level 1 of the Realm of Zot
 74951 | Zot:1    | Learned a level 4 spell: Dispel Undead
 75259 | Zot:1    | Noticed a Killer Klown
 75262 | Zot:1    | Killed a Killer Klown
 75641 | Zot:1    | Noticed a Killer Klown
 75658 | Zot:1    | Killed a Killer Klown
 76209 | Zot:1    | Found a runed translucent gate.
 76209 | Zot:1    | Found a runed translucent gate.
 76209 | Zot:1    | Found a runed translucent gate.
 76210 | Zot:1    | Noticed a curse toe
 76210 | Zot:1    | Noticed Sebriys's ghost (legendary TrBe)
 77594 | Snake:1  | Killed sastreii's ghost
 78617 | Zot:2    | Reached XP level 24. HP: 159/191 MP: 32/41
 78767 | Zot:2    | Noticed an orb of fire
 78768 | Zot:2    | Killed an orb of fire
 79319 | Zot:2    | Noticed an ancient lich
 79325 | Zot:2    | Killed an ancient lich
 79447 | Zot:2    | Reached skill level 15 in Invocations
 79790 | Zot:2    | Got the Teachings on Anemomancy
 79792 | Zot:2    | Got the Essays on Nasty Movement
 80005 | Zot:2    | Identified the +11 sling of Lust {drain, Str+3}
 80240 | Zot:2    | Identified the +11 glaive of Mens Rea {freeze, *Corrode
                  | Will+++ Str+5}
 80338 | Zot:2    | Learned a level 4 spell: Passage of Golubria
 80621 | Zot:1    | Killed Sebriys's ghost
 80954 | Zot:1    | Identified the +2 helmet of Midwinter {rElec rPois Dex+3}
 82207 | Zot:3    | Noticed an orb of fire
 82212 | Zot:3    | Killed an orb of fire
 82258 | Zot:3    | Noticed a Killer Klown
 82258 | Zot:3    | Noticed an orb of fire
 82278 | Zot:3    | Killed an orb of fire
 82288 | Zot:3    | Killed a Killer Klown
 83590 | Zot:4    | Noticed a Killer Klown
 83594 | Zot:4    | Killed a Killer Klown
 83611 | Zot:4    | Reached XP level 25. HP: 181/197 MP: 29/41
 83855 | Zot:4    | Noticed a shard shrike
 83856 | Zot:4    | Noticed an orb of fire
 84202 | Zot:4    | Killed an orb of fire
 84235 | Zot:4    | Killed a shard shrike
 84493 | Zot:5    | Entered Level 5 of the Realm of Zot
 85416 | Zot:5    | Noticed an orb of fire
 85420 | Zot:5    | Killed an orb of fire
 85747 | Zot:5    | Noticed an orb of fire
 85756 | Zot:5    | Noticed an orb of fire
 85939 | Zot:5    | Noticed an orb of fire
 85943 | Zot:5    | Gained mutation: You are frail. (-10% HP) [an orb of fire]
 85944 | Zot:5    | Killed an orb of fire
 85950 | Zot:5    | Lost mutation: You are frail. (-10% HP) [potion of
                  | mutation]
 85950 | Zot:5    | Gained mutation: You are vulnerable to cold. (rC-) [potion
                  | of mutation]
 85950 | Zot:5    | Gained mutation: Your spells are a little harder to cast,
                  | but a little more powerful. [potion of mutation]
 85950 | Zot:5    | Gained mutation: Your magical capacity is low. (-10% MP)
                  | [potion of mutation]
 85951 | Zot:5    | Lost mutation: You are vulnerable to cold. (rC-) [potion of
                  | mutation]
 85951 | Zot:5    | Lost mutation: Your magical capacity is low. (-10% MP)
                  | [potion of mutation]
 85951 | Zot:5    | Lost mutation: Your spells are a little harder to cast, but
                  | a little more powerful. [potion of mutation]
 85951 | Zot:5    | Gained mutation: You have hidden genetic defects. [potion
                  | of mutation]
 85951 | Zot:5    | Gained mutation: You are resistant to electric shocks.
                  | (rElec) [potion of mutation]
 85956 | Zot:5    | Noticed a dread lich
 85968 | Zot:4    | Killed a dread lich
 86012 | Zot:5    | Noticed a dread lich
 86026 | Zot:4    | Killed a dread lich
 86091 | Zot:4    | Killed an orb of fire
 86092 | Zot:4    | Lost mutation: You have hidden genetic defects. [potion of
                  | mutation]
 86092 | Zot:4    | Lost mutation: You are resistant to electric shocks.
                  | (rElec) [potion of mutation]
 86092 | Zot:4    | Gained mutation: Your muscles are strong. (Str +4, Int/Dex
                  | -1) [potion of mutation]
 86228 | Zot:5    | Noticed a Killer Klown
 86240 | Zot:5    | Noticed an orb of fire
 86247 | Zot:4    | Killed a Killer Klown
 86310 | Zot:5    | Gained mutation: You have hidden genetic defects. [an orb
                  | of fire]
 86312 | Zot:5    | Noticed an orb of fire
 86313 | Zot:5    | Killed an orb of fire
 86402 | Zot:4    | Lost mutation: Your muscles are strong. (Str +4, Int/Dex
                  | -1) [potion of mutation]
 86402 | Zot:4    | Lost mutation: You have hidden genetic defects. [potion of
                  | mutation]
 86402 | Zot:4    | Gained mutation: You sometimes lose your temper in combat.
                  | [potion of mutation]
 86402 | Zot:4    | Lost mutation: You sometimes lose your temper in combat.
                  | [potion of mutation]
 86402 | Zot:4    | Gained mutation: You are clumsy. (Dex -2) [potion of
                  | mutation]
 86402 | Zot:4    | Gained mutation: You have sharp fingernails. [potion of
                  | mutation]
 86409 | Zot:5    | Killed an orb of fire
 86505 | Zot:5    | Noticed an orb of fire
 86508 | Zot:5    | Killed an orb of fire
 86511 | Zot:5    | Identified the +4 halberd "Ydau" {holy, rElec rC- Str+3
                  | Int+3}
 86731 | Zot:5    | Killed an orb of fire
 87034 | Zot:5    | Reached skill level 15 in Dodging
 87034 | Zot:5    | Reached skill level 15 in Stealth
 87448 | Zot:5    | Noticed a Killer Klown
 87452 | Zot:5    | Killed a Killer Klown
 87643 | Zot:5    | Noticed a Killer Klown
 87648 | Zot:5    | Killed a Killer Klown
 87667 | Zot:5    | Learned a level 4 spell: Passage of Golubria
 87693 | Zot:5    | Noticed an ancient lich
 87708 | Zot:5    | Killed an ancient lich
 88431 | Zot:5    | Reached XP level 26. HP: 193/206 MP: 29/41
 88649 | Zot:5    | Got the Orb of Zot
 88685 | Zot:4    | Noticed a seraph
 88965 | D:15     | Noticed Lod Gist the pandemonium lord
 88972 | D:15     | Killed Lod Gist the pandemonium lord
 89096 | D:9      | Reached skill level 15 in Spellcasting
 89336 | D:$      | Escaped with the Orb!

Illustrated notes

Levels and vault maps discovered:
D:1:      roderic_dead_forest, layout_loops_cross
D:2:      layout_loops_ring, ebering_ecumenical_altar_box, st_stairs_3,
          corexii_shack
D:3:      layout_loops_corners, minmay_misc_feat_iff, uniq_ijyb, uniq_robin,
          uniq_natasha
D:4:      layout_basic, hex_large
D:5:      layout_loops_ring, uniq_eustachio, uniq_blork_the_orc
D:6:      layout_loops_corners, serial_bayou, serial_bayou_shore_a,
          serial_bayou_lagoon_a, serial_bayou_crossing, serial_bayou_ford_a,
          serial_bayou_pond_a, serial_bayou_pond_a,
          cheibrodos_sewer_entry_drain, minmay_fractal_squares_5, uniq_menkaure
D:7:      layout_basic, minmay_temple_entry_hall, serial_shops,
          nicolae_shop_gibbet_a_chance
D:8:      layout_basic, minmay_holes, nicolae_elevator_lobby_asterisk
D:9:      layout_irregular_city, minitemple, enter_bailey_3
D:10:     layout_cave_pools, chequers_serial_rivers_micro_b
D:11:     layout_rooms, erik_lair_orcish_takeover, enter_trove_1
D:12:     layout_roguey, orc_0_dummy
D:13:     layout_grid_maze, serial_shops, shop
D:14:     layout_cave_pods, erik_vaults_1, serial_shops, nicolae_stop_n_shop_1,
          glass_columns_a, uniq_louise, uniq_snorg, uniq_nessos
D:15:     grunt_enter_depths_magical_seal, layout_basic,
          amcnicky_mini_rare_corridor_liquid, vehumet_altar_wand_db
Temple:   nicolae_temple_slightly_damp_pantheon
Lair:1:   layout_layer_cave, wad_woods_road_06, fungi_pond_lemuel,
          grunt_megastairs_2, uniq_sonja
Lair:2:   layout_chaotic_city, beast_lair_carwin_8, grunt_megastairs_3,
          lemuel_fruit_fields
Lair:3:   kb_forest_paths, layout_long_grid, minmay_shoals_entry_centaurs,
          guppyfry_snake_entry_island, st_stairs_3, uniq_gastronok
Lair:4:   layout_hall_layers
Lair:5:   gammafunk_lair_ancient_temple, layout_small_grid, slime_entry_1,
          kennysheep_rathole, uniq_kirke
Shoals:1: layout_shoals, nicolae_shoals_land_atoll
Shoals:2: dreamdust_from_the_deep, layout_shoals
Shoals:3: layout_shoals, nicolae_shoals_hunting_party
Shoals:4: shoals_end_grunt_garden, layout_shoals, shoal_ilsuiw
Snake:1:  layout_basic, ebering_ghost_inner_flame, grunt_megastairs_4,
          uniq_agnes
Snake:2:  layout_layer_cave, special_room, uniq_vashnia
Snake:3:  layout_cave_town, serial_shops, nicolae_shop_pleasant_corner_grove,
          uniq_asterion, uniq_azrael, uniq_mara
Snake:4:  minmay_snake_end_coiled, layout_layer_cave, nicolae_snake_snakewalk
Slime:1:  layout_caves
Slime:2:  layout_caves
Slime:3:  layout_caves
Slime:4:  layout_caves
Slime:5:  slime_pit_nicolae_trefoil
Orc:1:    layout_caves, uniq_josephine
Orc:2:    st_orc_mages, layout_caves
Elf:1:    elf_arrival_002, layout_loops_cross, basic_altar,
          minmay_elf_necromancy, st_stairs_1, nicolae_twisty_statue_hallways
Elf:2:    nicolae_elf_blades_splatter_lattice [nicolae_blade_tridents],
          layout_loops_cross, minmay_misc_feat_alley, uniq_aizul
Elf:3:    minmay_elf_hall_hex, layout_geoelf_diagonals, serial_shops,
          nicolae_shop_real_fake_doors, uniq_bai_suzhen
Vaults:1: grunt_vaults_hallway_short, vaults_room_fours,
          nicolae_vaults_closet_pinwheel_2, hangedman_vaults_slice, v_misc_5,
          nicolae_vaults_little_squares_1, nicolae_vaults_tetromino_T_1,
          nicolae_vaults_stairing_the_circle, nicolae_vaults_two_Ls,
          nicolae_vaults_tetromino_T_1, layout_vaults_chaotic_city, uniq_donald,
          uniq_saint_roka
Vaults:2: nicolae_vaults_apartment_2, nicolae_vaults_closet_pinwheel_5,
          v_pattern_4, nicolae_vaults_more_shelving_2, vaults_mumra_bighexcomb,
          hangedman_vaults_stitches, hangedman_vaults_restitches,
          ontoclasm_vaults_ring_square, nicolae_vaults_trapezoid_4,
          nicolae_vaults_sesquioval_fish, nicolae_vaults_trapezoid_3,
          nicolae_vaults_trapezoid_lopsided_4, layout_vaults_maze, uniq_jory
Vaults:3: vaults_room_guarded_vault, vaults_dpeg_encased_lava, vaults_mumra_hex,
          minmay_crypt_entry_simple_plaza, layout_vaults_omnigrid
Vaults:4: nicolae_vaults_shipping_containers_7,
          nicolae_vaults_closet_pinwheel_6, nicolae_vaults_double_plus_2,
          v_misc_4, v_misc_15, nicolae_vaults_wine_cellar,
          nicolae_vaults_diagonal_hallway_7, nicolae_vaults_apartment_1,
          vaults_standard_mumra_x, nicolae_vaults_diagonal_hallway_9,
          grunt_vaults_focal, nicolae_vaults_prndl, layout_vaults_ring,
          serial_shops, bzr_entry_road
Depths:1: nicolae_moon_pools, layout_long_grid, nemelex_spade_bored_becter,
          hell_entry, st_stairs_11, minmay_misc_feat_room, chequers_jeans,
          door_vault
Depths:2: minmay_concentric_multi, layout_small_grid, enter_ziggurat_c,
          rand_demon_pan_entry_4, yredelemnul_altar_generic,
          grunt_hell_entry_dis_mu, small_chamber_with_monster,
          grunt_ministairs_7
Depths:3: radiant_caverns_b_rkd, hell_entry, abyss_entry
Depths:4: grunt_zot_entry_pinwheel, layout_gridlike, serial_rivers,
          chequers_serial_rivers_large_a, chequers_serial_rivers_micro_d,
          chequers_serial_rivers_room_b, chequers_serial_rivers_room_a,
          chequers_serial_rivers_small_b, chequers_serial_rivers_marsh,
          nicolae_elyvilon_temple_path, hell_entry, minmay_shop_grove
Zot:1:    circus_mu, layout_cathedral_of_symmetry, gammafunk_ghost_tricky_traps,
          bh_zot_ikea_curve
Zot:2:    hangedman_zot_vaults_quadrants, layout_onion
Zot:3:    layout_basic
Zot:4:    layout_twisted_circle, hangedman_elemental_grid_stream
Zot:5:    layout_misc_corridors

Skill      XL: |  1  2  3  4  5  6  7  8  9 10 11 12 13 14 15 16 17 18 19 20 21 22 23 24 25 26 |
---------------+-------------------------------------------------------------------------------+-----
Fighting       | 2 4 5 6 8 9 10 11 12 13 14 16 | 16.8
Throwing       | 2 |  2.0
Short Blades   | 3 4 6 7 8 |  8.0
Summonings     | 1 2 4 5 6 7 8 |  8.0
Spellcasting   | 1 2 3 4 6 7 8 9 10 11 12 14 15 | 15.0
Evocations     | 1 2 4 6 7 8 |  8.0
Stealth        | 6 8 10 11 12 13 14 16 | 16.7
Dodging        | 2 3 4 6 7 8 10 11 12 14 16 | 16.7
Hexes          | 5 9 10 11 12 15 19 20 | 20.0
Transmutations | 4 8 9 10 | 10.0
Earth Magic    | 3 7 8 |  8.0
Air Magic      | 1 4 6 8 12 14 15 18 19 20 | 20.0
Armour         | 1 3 4 5 |  5.0
Shields        | 1 5 8 11 12 | 12.0
Conjurations   | 4 |  4.0
Necromancy     | 6 |  6.0
Invocations    | 5 13 18 20 | 20.1

Action                     |  1- 3 |  4- 6 |  7- 9 | 10-12 | 13-15 | 16-18 | 19-21 | 22-24 | 25-27 || total
---------------------------+-------+-------+-------+-------+-------+-------+-------+-------+-------++-------
  Melee: Dagger            |    86 |   121 |    67 |   355 |  1021 |   913 |   595 |   496 |    89 ||  3743
         Bite              |    10 |    14 |    21 |    82 |   206 |   169 |   192 |   113 |    16 ||   823
         Punch             |       |     1 |     3 |     7 |     4 |       |       |       |       ||    15
         Short sword       |       |     3 |   223 |     9 |       |       |       |       |       ||   235
         Rapier            |       |       |       |       |     2 |       |   235 |       |       ||   237
  Throw: Dart              |    13 |    27 |    40 |    57 |     9 |     6 |    13 |     2 |     5 ||   172
         Stone             |    12 |    12 |       |       |       |       |       |       |       ||    24
         Boomerang         |       |     5 |     3 |       |       |     3 |     3 |     3 |       ||    17
         Throwing net      |       |       |       |       |       |     1 |       |       |       ||     1
   Cast: Call Canine Famil |       |     5 |    35 |    42 |    62 |    30 |       |       |       ||   174
         Summon Mana Viper |       |       |       |    36 |    66 |    52 |    89 |    24 |    10 ||   277
         Petrify           |       |       |       |     7 |    92 |   112 |     5 |       |       ||   216
         Confusing Touch   |       |       |       |       |       |    51 |    33 |    15 |     3 ||   102
         Discord           |       |       |       |       |       |    41 |    80 |    78 |    12 ||   211
         Irradiate         |       |       |       |       |       |    19 |    48 |    34 |     9 ||   110
         Borgnjor's Vile C |       |       |       |       |       |       |    78 |    64 |    20 ||   162
         Enfeeble          |       |       |       |       |       |       |    46 |    43 |    18 ||   107
         Maxwell's Capacit |       |       |       |       |       |       |    11 |   186 |    78 ||   275
         Passwall          |       |       |       |       |       |       |     2 |     6 |     5 ||    13
         Passage of Golubr |       |       |       |       |       |       |       |     8 |     1 ||     9
         Dispel Undead     |       |       |       |       |       |       |       |     2 |     3 ||     5
 Invoke: Shadow Step       |       |       |       |       |     3 |     5 |     3 |     3 |     2 ||    16
         Shadow Form       |       |       |       |       |       |       |       |       |     1 ||     1
  Evoke: Wand              |       |     7 |    40 |     7 |    13 |    41 |     5 |    20 |    14 ||   147
         Phantom mirror    |       |       |       |       |       |     2 |     1 |       |       ||     3
         Tin of tremorston |       |       |       |       |       |       |       |     2 |       ||     2
    Use: Scroll            |     2 |     7 |    14 |     2 |    10 |     7 |    15 |    15 |     7 ||    79
         Potion            |     1 |       |       |       |       |     2 |     5 |     8 |    23 ||    39
   Stab: Sleeping          |     8 |     6 |     9 |    11 |    63 |    57 |    47 |    17 |       ||   218
         Distracted        |     1 |       |       |    16 |    29 |     6 |    15 |     3 |     2 ||    72
         Petrified         |       |       |       |     8 |    56 |   103 |     6 |       |       ||   173
         Petrifying        |       |       |       |       |    15 |     8 |       |       |       ||    23
         Confused          |       |       |       |       |       |    43 |    29 |    15 |     2 ||    89
         Held in net/web   |       |       |       |       |       |     3 |       |       |       ||     3
         Invisible         |       |       |       |       |       |       |    44 |    44 |    10 ||    98
         Betrayed ally     |       |       |       |       |       |       |       |     1 |       ||     1
 Armour: Robe              |     9 |    20 |    37 |    26 |   106 |    57 |    41 |       |       ||   296
         Steam dragon scal |       |       |    45 |    61 |       |       |       |       |       ||   106
         Leather armour    |       |       |       |       |   148 |    84 |       |       |       ||   232
         Acid dragon scale |       |       |       |       |       |       |   197 |   152 |    40 ||   389
         Skin              |       |       |       |       |       |       |       |       |    24 ||    24
  Dodge: Dodged            |    31 |    47 |   184 |   252 |   700 |   384 |   349 |   263 |    61 ||  2271
  Block: Buckler           |       |       |       |       |   209 |    70 |       |       |       ||   279
         Kite shield       |       |       |       |       |    19 |   239 |   486 |   285 |   105 ||  1134
Riposte: Short sword       |       |       |    16 |     2 |       |       |       |       |       ||    18
         Dagger            |       |       |       |    61 |   247 |    22 |       |       |       ||   330
         Rapier            |       |       |       |       |     1 |       |       |       |       ||     1

Table legend: (Time is in decaauts)
 A = Elapsed time spent in this place.
 B = Non-inter-level travel time spent in this place.
 C = Inter-level travel time spent in this place.
 D = Time resting spent in this place.
 E = Time spent auto-exploring this place.
 F = Levels seen in this place.
 G = Mean time per level.
                   A        B        C        D        E       F      G
               +--------+--------+--------+--------+--------+-----+--------+
         Total |  88561 |  80809 |   7752 |  21566 |  32373 |  55 | 1610.2 |
       Dungeon |  17184 |  14197 |   2987 |   1085 |   6781 |  15 | 1145.6 |
        Temple |     38 |      2 |     36 |      0 |      0 |   1 |   38.0 |
          Lair |   8866 |   7816 |   1050 |   1739 |   3655 |   5 | 1773.2 |
        Shoals |   7198 |   6966 |    232 |   2153 |   2629 |   4 | 1799.5 |
     Snake Pit |   8915 |   8024 |    891 |   2048 |   3214 |   4 | 2228.8 |
    Slime Pits |   3544 |   3434 |    110 |   1695 |    423 |   5 |  708.8 |
  Orcish Mines |   2345 |   2081 |    264 |    373 |    981 |   2 | 1172.5 |
   Elven Halls |   6298 |   6023 |    275 |   2352 |   1729 |   3 | 2099.3 |
        Vaults |   8725 |   8371 |    354 |   1843 |   4420 |   4 | 2181.2 |
        Depths |  11671 |  10915 |    756 |   4369 |   3905 |   4 | 2917.8 |
           Zot |  12608 |  11814 |    794 |   3785 |   4618 |   5 | 2521.6 |
        Bazaar |    100 |    100 |      0 |      0 |      0 |   1 |  100.0 |
         Sewer |    650 |    650 |      0 |     41 |      0 |   1 |  650.0 |
        Bailey |    412 |    412 |      0 |     82 |     17 |   1 |  412.0 |
               +--------+--------+--------+--------+--------+-----+--------+

Top non-repeatable levels by time:
   Zot:1: 4214 daAuts
   Zot:5: 3385 daAuts
Depths:3: 3371 daAuts
 Snake:4: 3062 daAuts
Depths:1: 2990 daAuts
Shoals:4: 2940 daAuts
Depths:2: 2839 daAuts
   Elf:3: 2527 daAuts
Depths:4: 2469 daAuts
   Elf:2: 2428 daAuts
Vaults:2: 2425 daAuts
Vaults:3: 2401 daAuts
  Lair:1: 2360 daAuts
 Snake:3: 2281 daAuts
   Zot:4: 2106 daAuts
